 Dungeon Crawl Stone Soup version 0.28.0 (webtiles) character file.

Game seed: 1685388759443613807

22 Torus the Skirmisher (level 2, 0/26 HPs)
             Began as a Ghoul Fighter on Feb 11, 2022.
             Slain by a kobold (3 damage)
             ... on level 1 of the Dungeon.
             The game lasted 00:01:40 (968 turns).

Torus the Skirmisher (Ghoul Fighter)                 Turns: 968, Time: 00:01:41

Health: 0/26       AC:  6    Str: 19    XL:     2   Next: 91%
Magic:  1/1        EV:  9    Int:  3    God:
Gold:   55         SH:  4    Dex:  8    Spells: 1/1 levels left

rFire   . . .      SeeInvis .   a - +0 flail
rCold   + . .      Faith    .   c - +0 buckler
rNeg    + + +      Spirit   .   b - +0 scale mail
rPois   ∞          Reflect  .   (no helmet)
rElec   .          Harm     .   (no cloak)
rCorr   .          Rampage  .   (no gloves)
Will    .....                   (no boots)
Stlth   ..........              (no amulet)
HPRegen 0.00/turn               (no ring)
MPRegen 0.07/turn               (no ring)

@: weak-willed, inhibited regen
A: claws 1, cold resistance 1, negative energy resistance 3, inhibited
regeneration, torment resistance 2
a: no special abilities


You were on level 1 of the Dungeon.
You visited 1 branch of the dungeon, and saw 2 of its levels.

You collected 55 gold pieces.

Inventory:

Hand Weapons
 a - a +0 flail (weapon)
Missiles
 e - 2 javelins
 f - 21 stones (quivered)
Armour
 b - a +0 scale mail (worn)
 c - a +0 buckler (worn)
Potions
 d - a potion of might
 g - a potion of brilliance {unknown}


   Skills:
 - Level 3.2 Fighting
 + Level 2.5 Maces & Flails
 - Level 2.6 Armour
 + Level 3.1 Shields


You had one spell level left.
You didn't know any spells.
Your spell library was empty.

Dungeon Overview and Level Annotations

Branches:
Dungeon (2/15)

Altars:


Innate Abilities, Weirdness & Mutations

You thrive by killing the living.
You are immune to poison.
You have sharp fingernails.
Your flesh is cold resistant. (rC+)
You are immune to negative energy. (rN+++)
You do not regenerate when monsters are visible.
You are immune to unholy pain and torment.


Message History

The kobold is severely wounded.
The kobold barely misses you. The adder bites you.
The dart slug launches a dart at you. You block the slug dart.
A hobgoblin comes into view.
The rat closely misses you.
The kobold hits you with a +0 short sword.
The adder barely misses you. The rat barely misses you.
The kobold hits you with a +0 short sword.
You climb upwards.
There is a stone staircase leading down here.
You barely miss the adder. The adder bites you. The rat bites you.
The adder closely misses you. The kobold barely misses you.
You miss the adder. The adder bites you. The rat closely misses you.
The kobold hits you but does no damage. The adder closely misses you.
You miss the adder. The rat barely misses you.
The kobold hits you but does no damage. The adder bites you but does no damage.
The rat barely misses you.
You miss the adder. The adder barely misses you.
The kobold hits you but does no damage. The adder bites you.
The rat bites you but does no damage. The kobold hits you but does no damage.
You miss the adder. The adder bites you. The rat bites you but does no damage.
The kobold hits you but does no damage. The adder bites you but does no damage.
You closely miss the adder. The rat closely misses you.
The adder barely misses you. You block the kobold's attack.
The rat barely misses you. The adder bites you but does no damage.
You closely miss the adder. The kobold barely misses you.
The adder bites you but does no damage. The rat bites you.
The kobold hits you but does no damage.
You closely miss the adder. The adder barely misses you.
The rat closely misses you.
The kobold hits you with a +0 short sword.
The adder barely misses you.
You closely miss the adder. The adder bites you but does no damage.
The rat bites you but does no damage. The kobold hits you but does no damage.
The adder bites you but does no damage. The rat bites you but does no damage.
You miss the adder. The kobold barely misses you. The adder barely misses you.
The rat bites you but does no damage.
The kobold hits you with a +0 short sword.
You die...

...###......##.#S## #
##..#..####.##.#@# # ##...##
#.#..rK####### #
##.######............#
#.........#....#####.#
#..#########.#.# #.# #..#
#.#.# #.# #..# #.#.#####.# ##
#..# #......##.# #. #..#####
###.##.##.# #.
#......#######.##.##.# #.
#.#.............#.##.# #.
#.#.##.#######..#.##.# #.
#......# #..#.##.# #.
###.##.# #..#.##.# #. #.##.#
#..#.##.#########.
#.##.#######.................


You could see an adder, a kobold and a rat.

Vanquished Creatures
  3 dart slugs (D:1)
  An endoplasm (D:1)
  3 hobgoblins (D:1)
  4 kobolds (D:1)
  2 ball pythons (D:1)
  A frilled lizard (D:1)
  A rat (D:1)
15 creatures vanquished.

Notes
Turn   | Place    | Note
-------+----------+-------------------------------------------
     0 | D:1      | Torus the Ghoul Fighter began the quest for the Orb.
     0 | D:1      | Reached XP level 1. HP: 19/19 MP: 0/0
   243 | D:1      | Reached XP level 2. HP: 26/26 MP: 1/1
   968 | D:1      | Slain by a kobold

Illustrated notes

Levels and vault maps discovered:
D:1:      evilmike_arrival_rings, layout_loops_ring
D:2:      layout_rooms, serial_shops, shop, uniq_sigmund, uniq_terence

Skill      XL: |  1  2 |
---------------+-------+-----
Maces & Flails | 2 |  2.5
Shields        | 3 |  3.1
Fighting       | |  3.2
Armour         | |  2.6

Action                   || total
-------------------------++-------
Melee: Flail             ||    55
Throw: Javelin           ||     2
       Stone             ||    20
  Use: Scroll            ||     2
Armor: Scale mail        ||    35
Dodge: Dodged            ||    38
Block: Buckler           ||     7
